Map: [ESL] Hecate

Players

ONSYDESolar (Solar) - Winner!

  • Race: Zerg Zerg
  • League: Master
  • Spawn Location: 1:00

LiquidCure (Cure)

  • Race: Terran Terran
  • League: Master
  • Spawn Location: 7:00

VOD

Have the link to the VOD?

Description

Time

  • Played on: Nov. 21, 2023, 7:51 a.m.
  • Length: 12:17
Show
View Real Time Build Order
Export as new Build Order

ONSYDESolar Zerg - Winner!

Build Orders: Hatch First 

Get SALT Encoding   

  12  0:00  Drone  
  13  0:12  Overlord  
  13  0:16  Drone  
  14  0:31  Drone x2  
  16  0:47  Hatchery  
  15  0:51  Drone  
  15  0:54  Drone  
  17  0:59  Drone  
  18  1:08  Extractor  
  17  1:14  Spawning Pool  
  17  1:17  Drone  
  17  1:19  Drone  
  18  1:28  Drone  
  19  1:39  Drone  
  20  1:52  Overlord  
  20  2:00  Queen  
  20  2:01  Zergling x4, Queen  
  26  2:10  Metabolic Boost  
  26  2:11  Zergling x2  
  26  2:12  Zergling x2  
  28  2:23  Drone  
  28  2:24  Drone  
  30  2:36  Queen  
  32  2:37  Overlord  
  32  2:38  Drone  
  33  2:47  Drone, Zergling x2  
  35  2:55  Zergling x2  
  35  2:56  Drone  
  37  3:04  Drone x2  
  39  3:10  Drone x3  
  42  3:19  Queen  
  44  3:21  Overlord  
  44  3:28  Overlord  
  44  3:30  Hatchery  
  44  3:31  Drone  
  44  3:41  Drone x5  
  49  3:48  Drone  
  50  3:49  Drone  
  50  3:50  Drone  
  50  3:53  Overlord  
  50  3:56  Drone x2  
  50  3:58  Queen  
  50  4:01  Drone  
  50  4:02  Drone  
  56  4:12  Drone x2  
  58  4:20  Drone x6  
  58  4:21  Extractor  
  63  4:26  Overlord  
  63  4:29  Drone  
  64  4:31  Queen  
  64  4:33  Spore Crawler, Queen  
  64  4:34  Evolution Chamber  
  64  4:37  Evolution Chamber  
  65  4:39  Zergling x4  
  65  4:43  Zergling x2  
  65  4:45  Zergling x6  
  71  4:46  Drone  
  71  4:48  Queen  
  71  4:51  Drone  
  75  4:53  Drone x2  
  75  4:54  Drone  
  75  4:55  Drone  
  75  4:59  Drone  
  80  5:02  Drone  
  80  5:03  Spore Crawler  
  80  5:09  Spore Crawler, Overlord  
  80  5:10  Drone  
  80  5:12  Zerg Melee Weapons Level 1, Zerg Ground Armor Level 1  
  81  5:21  Drone x2  
  81  5:26  Overlord  
  81  5:28  Drone x6  
  88  5:30  Lair  
  88  5:32  Overlord, Extractor  
  87  5:36  Zergling x4  
  89  5:43  Queen, Baneling Nest  
  89  5:45  Zergling x2  
  89  5:46  Zergling x4, Extractor  
  89  5:47  Extractor  
  91  5:50  Drone x3  
  94  5:57  Drone  
  94  5:58  Drone x3  
  94  5:59  Drone x2  
  94  6:01  Overlord  
  100  6:04  Zergling x4  
  100  6:08  Hatchery, Zergling x2  
  100  6:09  Zergling x2  
  102  6:13  Overlord  
  102  6:20  Zergling x10  
  102  6:23  Hatchery  
  103  6:26  Zergling x2  
  103  6:29  Zergling x6  
  103  6:32  Centrifugal Hooks, Zergling x10  
  112  6:37  Drone  
  113  6:42  Queen  
  113  6:43  Drone  
  113  6:44  Drone  
  110  6:48  Drone  
  110  6:52  Drone  
  110  6:55  Drone  
  110  6:59  Baneling x5  
  110  7:00  Baneling x6  
  111  7:01  Hydralisk Den  
  111  7:02  Drone x9  
  111  7:04  Baneling  
  111  7:05  Baneling  
  111  7:08  Zerg Ground Armor Level 2  
  119  7:09  Zerg Melee Weapons Level 2  
  119  7:11  Zergling x4  
  121  7:19  Overlord  
  121  7:22  Overlord  
  121  7:27  Extractor  
  120  7:30  Grooved Spines  
  120  7:31  Drone  
  120  7:33  Baneling x2  
  120  7:37  Hatchery  
  120  7:38  Zergling x20, Overseer  
  120  7:40  Queen  
  120  7:41  Drone  
  133  7:44  Infestation Pit  
  133  7:48  Overseer  
  133  7:49  Drone x4  
  137  7:51  Drone x2  
  137  7:52  Drone  
  137  7:57  Overlord  
  137  7:58  Hydralisk x3  
  137  8:05  Drone  
  144  8:06  Overlord  
  144  8:09  Overlord  
  143  8:13  Zergling x8, Extractor  
  143  8:14  Hatchery  
  143  8:15  Zergling x8  
  143  8:16  Drone  
  147  8:20  Zergling x4  
  147  8:22  Hive  
  149  8:27  Hydralisk x2  
  149  8:29  Infestor, Muscular Augments  
  149  8:30  Zergling x4  
  149  8:31  Zergling x2  
  149  8:32  Zergling x2  
  149  8:33  Zergling x2  
  160  8:34  Zergling x4  
  160  8:37  Zergling x2  
  160  8:38  Zergling x6  
  160  8:39  Baneling x3  
  166  8:42  Zergling x4  
  166  8:45  Overlord x2  
  166  8:48  Drone  
  168  8:49  Baneling x6  
  168  8:51  Drone  
  168  8:52  Drone  
  169  8:57  Overlord  
  169  8:58  Overlord  
  169  9:00  Hydralisk x2  
  163  9:05  Zergling x14  
  163  9:08  Zergling x4  
  163  9:09  Zergling x4  
  167  9:11  Zergling x6  
  167  9:12  Baneling x2, Lurker Den  
  167  9:14  Zergling x2  
  167  9:16  Hydralisk  
  167  9:17  Hydralisk  
  170  9:19  Zergling x4  
  175  9:24  Zergling x2  
  175  9:26  Zergling x8  
  175  9:28  Zergling x2  
  175  9:29  Zergling x2  
  181  9:35  Zergling x4  
  182  9:40  Zergling x14  
  182  9:41  Baneling x5  
  189  9:46  Zergling x16  
  189  9:49  Zerg Missile Weapons Level 1  
  194  9:55  Viper x2  
  194  9:59  Zergling x14  
  199  10:00  Adrenal Glands  
  199  10:05  Zergling x10  
  199  10:10  Zergling x2  
  200  10:14  Baneling x4  
  200  10:24  Zergling x4  
  195  10:30  Zergling x34  
  195  10:33  Zergling x2, Hydralisk x2  
  195  10:34  Zergling x4  
  179  10:37  Baneling x8  
  179  10:38  Zergling x2, Pneumatized Carapace  
  180  10:43  Zergling x12  
  180  10:48  Zergling x12  
  185  10:58  Hydralisk x4  
  185  11:01  Zergling x8  
  193  11:08  Zergling x14  
  199  11:14  Seismic Spines  
  199  11:16  Zergling x2  
  199  11:17  Zergling x14  
  193  11:27  Zergling x8  
  193  11:31  Baneling x9  
  196  11:33  Zergling x6  
  196  11:36  Overlord  
  196  11:38  Overlord  
  196  11:39  Hatchery  
  195  11:40  Zergling x8  
  195  11:45  Zergling x2  
  179  11:49  Hydralisk x4  
Show
View Real Time Build Order
Export as new Build Order

LiquidCure Terran 

Build Orders:  

Get SALT Encoding   

  12  0:00  SCV  
  13  0:12  SCV  
  14  0:18  Supply Depot  
  14  0:24  SCV  
  15  0:40  SCV  
  15  0:41  Barracks  
  16  0:44  Refinery  
  16  0:52  SCV  
  17  0:59  Barracks  
  18  1:04  SCV  
  18  1:16  SCV  
  19  1:28  Orbital Command, Reaper  
  20  1:37  Supply Depot  
  20  1:45  Reaper  
  21  1:54  SCV  
  22  2:03  Reaper  
  22  2:06  SCV  
  24  2:10  Command Center  
  24  2:16  Refinery  
  24  2:18  SCV  
  26  2:33  SCV  
  27  2:45  SCV  
  27  2:47  Factory  
  27  2:54  Barracks Reactor  
  27  2:56  Barracks Tech Lab  
  27  2:57  SCV  
  28  3:04  Command Center  
  28  3:09  SCV  
  29  3:21  SCV  
  29  3:22  Orbital Command  
  30  3:31  Starport, Factory Reactor  
  30  3:33  SCV, Marine x2  
  33  3:34  Marine  
  34  3:45  SCV  
  35  3:52  SCV  
  36  3:56  Barracks Tech Lab, Barracks Reactor  
  36  3:57  SCV  
  37  4:04  SCV  
  37  4:08  Liberator, Hellion x2  
  46  4:10  SCV  
  46  4:16  Orbital Command  
  46  4:17  SCV  
  46  4:20  Supply Depot, Marine  
  46  4:22  SCV  
  49  4:26  Stimpack  
  49  4:29  SCV  
  50  4:31  Hellion x2  
  50  4:34  SCV  
  50  4:37  Marine x2  
  50  4:38  Marine  
  58  4:41  Supply Depot  
  58  4:44  SCV x2  
  60  4:46  SCV  
  60  4:47  Supply Depot  
  61  4:56  SCV, Marine x3  
  65  5:00  SCV x2  
  65  5:04  Supply Depot  
  65  5:05  Medivac x2  
  71  5:08  SCV  
  71  5:11  Refinery  
  71  5:12  Refinery  
  71  5:13  SCV x2  
  74  5:18  Marine x3  
  74  5:20  SCV  
  78  5:27  Engineering Bay  
  78  5:28  SCV x2, Engineering Bay  
  78  5:29  Factory Tech Lab  
  78  5:32  SCV  
  78  5:33  Supply Depot  
  81  5:35  Marine  
  81  5:36  Marine  
  81  5:40  Marine  
  84  5:47  SCV x2, Barracks  
  86  5:53  Starport Reactor  
  86  5:54  Siege Tank  
  89  5:57  Marine x2  
  89  5:58  Marine  
  89  6:01  Terran Infantry Weapons Level 1, Terran Infantry Armor Level 1  
  92  6:05  SCV, Barracks  
  92  6:08  Barracks  
  93  6:12  Orbital Command  
  93  6:15  Marine x2  
  93  6:16  Marine  
  93  6:27  Siege Tank  
  96  6:32  Marine  
  96  6:33  Marine x2  
  96  6:34  SCV x2  
  96  6:36  Combat Shield  
  96  6:39  Marine x2  
  97  6:40  Supply Depot  
  97  6:41  Supply Depot  
  93  6:47  SCV x2  
  93  6:50  Marine x2, Medivac  
  93  6:51  Marine, Medivac  
  97  6:55  Barracks Reactor  
  97  6:56  Marine x2, Barracks  
  97  6:58  SCV  
  97  6:59  SCV  
  101  7:01  Supply Depot  
  101  7:02  SCV  
  101  7:04  Barracks Reactor  
  101  7:07  Armory  
  102  7:10  Marine x3  
  102  7:14  Marine x2  
  107  7:20  Supply Depot  
  107  7:23  Supply Depot  
  107  7:24  Siege Tank  
  107  7:25  Medivac  
  107  7:26  Supply Depot x2  
  107  7:27  SCV x3  
  115  7:31  Marine x2, Medivac  
  115  7:32  Marine  
  115  7:36  Refinery  
  120  7:38  Refinery  
  120  7:39  SCV x3  
  120  7:43  Factory  
  123  7:47  Supply Depot  
  123  7:49  Marine x4  
  127  7:54  Marine x5  
  127  7:55  Terran Infantry Weapons Level 2  
  129  8:00  SCV x3  
  132  8:07  Supply Depot, Siege Tank, Marine x2  
  132  8:09  Marine x2  
  132  8:10  Barracks Reactor  
  139  8:13  Medivac  
  139  8:16  Marine x4  
  139  8:19  Marine  
  146  8:22  Command Center  
  146  8:25  Marine x2  
  146  8:26  Marine  
  148  8:27  Marine  
  148  8:29  Factory Tech Lab  
  148  8:33  Supply Depot  
  148  8:34  Marine  
  149  8:37  Marine x4  
  149  8:39  Siege Tank  
  156  8:52  Siege Tank  
  156  8:55  Marine x4  
  155  9:06  Marine x4  
  155  9:07  Marine x2  
  158  9:10  Marine  
  158  9:11  Siege Tank  
  158  9:12  Terran Infantry Armor Level 2, Medivac x2  
  158  9:13  Marine x4, Terran Vehicle Weapons Level 1  
  170  9:24  Siege Tank, Marine  
  170  9:27  Marine x3  
  170  9:28  Marine x3  
  180  9:35  Marine x4  
  178  9:42  Marine  
  178  9:43  Siege Tank  
  178  9:45  SCV x3, Marine x3  
  185  9:49  Marine x2  
  185  9:50  Marine  
  186  9:53  Marine  
  186  9:57  Siege Tank  
  186  9:58  Marine x3  
  177  10:00  Marine  
  177  10:01  Planetary Fortress, Medivac x2  
  182  10:07  Marine x2  
  182  10:08  Marine x2  
  186  10:15  Siege Tank  
  186  10:21  Marine x6  
  192  10:29  Siege Tank  
  192  10:34  Marine x4  
  175  10:36  Medivac x2  
  175  10:40  Marine x2  
  175  10:42  Barracks  
  180  10:43  Barracks  
  180  10:45  Barracks  
  172  10:52  Siege Tank  
  175  11:01  Siege Tank  
  175  11:08  Marine x10  
  174  11:17  Marine  
  173  11:24  Siege Tank  
  172  11:26  Marine x7  
  169  11:41  Command Center  
  169  11:43  Marine x4  
  145  11:54  Marine x6  
Tags
 
Matchup
TvZ
Player
CureSolar
Replay Pack
December 2023
Spawn Locations
Cross Positions
Add a new tag
Caveats
  • Supply blocks, unpowered buildings, or Contaminate may cause inaccurate times.
  • Supply counts are checked every 10 seconds.